 Dungeon Crawl Stone Soup version 0.19-a0-1882-gbb73ea0 (webtiles) character file.

12 Amnesiac the Ogre Mage (level 2, -7/27 HPs)
             Began as an Ogre Wizard on Oct 14, 2016.
             Mangled by Grinder (11 damage)
             ... on level 3 of the Dungeon.
             The game lasted 00:01:35 (643 turns).

Amnesiac the Ogre Mage (Ogre Wizard)                 Turns: 643, Time: 00:01:36

Health: -7/27      AC:  3    Str: 11    XL:     2   Next: 33%
Magic:  2/6        EV: 10    Int: 17    God:
Gold:   77         SH:  3    Dex:  8    Spells: 2 memorised, 5 levels left

rFire  . . .     SeeInvis .     n - +4 dagger
rCold  . . .     Gourm    .     a - +0 robe
rNeg   . . .     Faith    .     (no shield)
rPois  .         Spirit   .     b - +0 hat
rElec  .         Dismiss  .     (no cloak)
rCorr  .         Reflect  +     (gloves unavailable)
MR     .....     Harm     .     (boots unavailable)
Stlth  +.........               k - +3 amulet of reflection
                                (no ring)
                                (no ring)

@: very slightly contaminated
A: unfitting armour, tough skin 1
a: no special abilities


You were on level 3 of the Dungeon.
You were not hungry.

You visited 1 branch of the dungeon, and saw 3 of its levels.

You collected 77 gold pieces.

Inventory:

Hand Weapons
 n - a +4 dagger (weapon)
Armour
 a - a +0 robe (worn)
 b - a +0 hat (worn)
Jewellery
 k - a +3 amulet of reflection (around neck)
Scrolls
 j - 2 scrolls of teleportation {unknown}
 l - a scroll of random uselessness {unknown}
Potions
 e - a potion of heal wounds {unknown}
 i - a potion of lignification {unknown}
 m - a potion of curing {unknown}
Books
 c - a book of Minor Magic

   Spells                             Type                      Level
   a - Magic Dart                     Conjuration                  1
   b - Blink                          Translocation                2
   c - Call Imp                       Summoning                    2
   d - Repel Missiles                 Charms/Air                   2
   e - Slow                           Hexes                        2
   f - Conjure Flame                  Conjuration/Fire             3
   g - Mephitic Cloud                 Conjuration/Poison/Air       3
Comestibles
 d - 2 bread rations
 f - a slice of pizza
 h - a beef jerky


   Skills:
 + Level 1.5 Fighting
 + Level 2.2 Dodging
 - Level 1.4 Stealth
 - Level 3.6 Spellcasting
 - Level 0.6 Conjurations
 - Level 0.6 Summonings
   Level 0.6 Translocations


You had 5 spell levels left.
You knew the following spells:

 Your Spells              Type           Power        Failure   Level  Hunger
d - Call Imp              Summ           #.......     21%         2    ##.....
f - Magic Dart            Conj           #...         14%         1    None


Dungeon Overview and Level Annotations

Branches:
Dungeon (3/15)

Altars:

Annotations:
D:3 Grinder


Innate Abilities, Weirdness & Mutations

You are too large for most types of armour.
You have tough skin. (AC +1)


Message History

Grinder hits you.
You writhe in agony.
* * * LOW HITPOINT WARNING * * *
Casting: Magic Dart
Confirm with . or Enter, or press ? or * to list all spells.
Aiming: Magic Dart
Press: ? - help, Shift-Dir - straight line, f/p - Grinder
Aim: Grinder (lightly wounded)
The magic dart hits Grinder.
Grinder is lightly wounded.
You block Grinder's attack.
You are too injured to fight recklessly!
Casting: Magic Dart
Confirm with . or Enter, or press ? or * to list all spells.
Aiming: Magic Dart
Press: ? - help, Shift-Dir - straight line, f/p - Grinder
Aim: Grinder (lightly wounded)
The magic dart hits Grinder.
Grinder is lightly wounded.
Grinder hits you!
You die...

............#####
..#.............###
.###..........###...####
..............# ###.....
..............# ######
..............# #
....[.........## #
...............#
.......@.......#
......5........#
.......#####...# .......
#...# ....... #####
#######


You could see Grinder.

Vanquished Creatures
  2 hobgoblins
  3 jackals (D:1)
  A quokka (D:3)
  A ball python (D:1)
  A bat (D:3)
  2 kobolds (D:1)
  A rat (D:1)
11 creatures vanquished.

Notes
Turn   | Place    | Note
-------+----------+-------------------------------------------
     0 | D:1      | Amnesiac the Ogre Wizard began the quest for the Orb.
     0 | D:1      | Reached XP level 1. HP: 16/16 MP: 5/5
    95 | D:1      | Reached skill level 1 in Fighting
   197 | D:1      | Reached XP level 2. HP: 13/27 MP: 0/6
   204 | D:1      | Learned a level 2 spell: Call Imp
   623 | D:3      | Noticed Grinder
   624 | D:3      | Paralysed by Grinder for 6 turns
   635 | D:3      | Paralysed by Grinder for 6 turns
   643 | D:3      | Mangled by Grinder

Vault maps used:
D:1:      dpeg_arrival_yet_another_circle
D:3:      uniq_terence, uniq_grinder, uniq_natasha

Skill      XL: |  1 |
---------------+----+-----
Fighting       | 1 |  1.5
Dodging        | 2 |  2.2
Stealth        | |  1.4
Spellcasting   | |  3.6
Conjurations   | |  0.6
Summonings     | |  0.6
Translocations | |  0.6

Action                   || total
-------------------------++-------
Melee: Unarmed           ||    22
       Dagger            ||     6
 Cast: Magic Dart        ||    28
Armor: Robe              ||    14
Dodge: Dodged            ||    25
Block: Other             ||     2
